AoeStats
← hightower_208

Arena

507320153Analyzed
3v3 RM · 15d ago on Sep 17, 2026· 39m 8s· 6 players
Game mode
Random Map
Map size
Normal (6 player)
Population
200
Speed
Normal
Resources
Standard
Victory
Conquest
Starting age
Dark Age
Ending age
Imperial Age
RankedLock teamsTeams togetherTeam positionsShared explorationLock speedFull tech treeHidden civsTurbo modeCheats
Victory
Defeat
🇨🇿 Burgundians · Czechia
1670
+14
🇨🇿 Teutons · Czechia
1622
+16
🇨🇿 Portuguese · Czechia
1596
+17
🇩🇪 Italians · Germany
1698
-19
🇩🇪 Cumans · Germany
1646
-17
🇩🇪 Spanish · Germany
1512
-11
hightower_208
9:22 Feudal Age
8:20 Loom
13:19 Castle Age
12:42 Double-Bit Axe
12:37 Horse Collar
14:15 Bow Saw
20:34 Gold Mining
22:31 Wheelbarrow
22:38 Loom
24:02 Hand Cart
24:36 Fletching
25:29 Bodkin Arrow
28:19 Imperial Age
26:32 Ballistics
28:03 Padded Archer Armor
29:08 Bracer
30:18 Chemistry
31:20 Leather Archer Armor
32:15 Conscription
35:32 Ring Archer Armor
34:23 Elite Genoese Crossbowman
37:36 Squires
37:39 Scale Mail Armor
Raenne
11:50 Feudal Age
15:13 Castle Age
13:34 Double-Bit Axe
13:30 Horse Collar
13:43 Gold Mining
19:11 Loom
25:12 Bow Saw
25:23 Padded Archer Armor
26:57 Heavy Plow
30:06 Wheelbarrow
32:33 Hand Cart
37:43 Imperial Age
37:41 Scale Barding Armor
37:47 Forging
38:02 Loom
39:07 Chain Barding Armor
39:50 Two-Man Saw
39:28 Bloodlines
39:20 Husbandry
39:57 Iron Casting
Mjoelnir
8:28 Feudal Age
9:19 Double-Bit Axe
9:14 Horse Collar
19:02 Castle Age
18:57 Scale Barding Armor
19:35 Bloodlines
19:43 Capped Ram
20:53 Loom
22:54 Wheelbarrow
23:03 Chain Barding Armor
27:02 Forging
29:42 Pikeman
30:28 Squires
30:48 Scale Mail Armor
31:24 Hand Cart
31:20 Bow Saw
31:11 Heavy Plow
31:02 Gold Mining
31:55 Chain Mail Armor
32:46 Iron Casting
35:40 Imperial Age
35:50 Halberdier
37:22 Plate Mail Armor
38:30 Blast Furnace
Lopiger
10:39 Feudal Age
11:37 Loom
14:44 Castle Age
13:00 Double-Bit Axe
13:10 Horse Collar
15:51 Bow Saw
15:42 Heavy Plow
19:59 Wheelbarrow
21:07 Gold Mining
32:10 Hand Cart
33:10 Hand Cart
34:16 Town Watch
39:32 Imperial Age
39:38 Imperial Age
36:58 Crossbowman
37:45 Thumb Ring
38:58 Ballistics
Čiko
9:57 Feudal Age
11:41 Double-Bit Axe
14:04 Castle Age
12:09 Horse Collar
15:06 Bow Saw
20:19 Gold Mining
21:40 Wheelbarrow
22:03 Heavy Plow
24:48 Hand Cart
25:36 Loom
29:04 Imperial Age
27:59 Stone Mining
29:39 Coinage
30:49 Chemistry
29:29 Heavy Scorpion
30:24 Town Watch
32:54 Chemistry
32:00 Siege Engineers
33:33 Banking
34:07 Two-Man Saw
34:09 Ironclad
Feroker
3:19 Double-Bit Axe
10:01 Feudal Age
11:17 Loom
14:25 Castle Age
13:01 Horse Collar
14:23 Bow Saw
15:14 Light Cavalry
20:01 Wheelbarrow
22:04 Sanctity
22:25 Hand Cart
22:49 Husbandry
22:56 Scale Barding Armor
23:05 Forging
24:49 Cavalier
29:11 Imperial Age
27:47 Heavy Plow
27:39 Gold Mining
27:39 Stone Mining
29:14 Chain Barding Armor
30:25 Paladin
32:22 Plate Barding Armor
31:50 Town Watch
34:08 Iron Casting
37:40 Blast Furnace
37:27 Gold Shaft Mining
37:27 Stone Shaft Mining
39:10 Conscription
39:24 Coinage
Connection lost

Rejoining the realm…

Still unreachable

The connection could not be restored.

Session expired

The server has moved on; the page needs a fresh start.